Map: Blackpink LE

Players

HeRoMaRinE

  • Race: Terran Terran
  • Spawn Location: 1:00

Kelazhur - Winner!

  • Race: Terran Terran
  • Spawn Location: 7:00

Event: IEM Season 12 - PyeongChang

VOD

Have the link to the VOD?

Description

TvT. Pretty cool builds on both sides. Kelazhur does proxy starport liberator on 2 base with 4 hellions/reaper rushing the natural while liberator goes in. HeRoMaRinE does a 2 rax before SP with stim build.

Time

  • Played on: Feb. 5, 2018, 1:33 a.m.
  • Length: 5:37

All games in this series

Show
View Real Time Build Order
Export as new Build Order

HeRoMaRinE Terran 

Build Orders: Cyclone Opening, Reaper Expand 

Get SALT Encoding   

  12  0:00  SCV  
  13  0:12  SCV  
  14  0:19  Supply Depot  
  14  0:25  SCV  
  15  0:40  SCV  
  15  0:41  Barracks  
  16  0:45  Refinery  
  16  0:52  SCV  
  17  1:04  SCV  
  18  1:16  SCV  
  19  1:28  Reaper  
  19  1:29  Orbital Command  
  20  1:42  Command Center  
  20  1:51  Supply Depot  
  20  1:54  SCV  
  20  2:00  Marine  
  22  2:06  SCV  
  23  2:10  Factory  
  23  2:18  SCV  
  24  2:23  Barracks  
  24  2:24  Barracks Reactor  
  24  2:29  Refinery  
  24  2:30  SCV  
  25  2:42  SCV  
  26  2:53  Orbital Command  
  26  2:55  SCV  
  26  2:57  Cyclone  
  30  3:00  Marine x2  
  32  3:07  SCV  
  32  3:10  Barracks Tech Lab  
  33  3:18  Marine x2  
  33  3:19  SCV x2  
  37  3:28  Stimpack  
  37  3:30  Marine  
  37  3:31  SCV x2  
  40  3:40  Marine x2, Starport  
  42  3:42  Supply Depot  
  42  3:43  SCV x2  
  42  3:47  Factory Reactor  
  44  3:55  SCV x2  
  45  3:58  Marine  
  45  4:00  Engineering Bay  
  46  4:03  Marine x2  
  46  4:07  SCV, Supply Depot  
  46  4:08  SCV  
  45  4:19  SCV  
  45  4:20  SCV  
  45  4:23  Marine x2  
  45  4:24  Marine  
  39  4:31  SCV  
  39  4:32  SCV  
  36  4:41  Marine  
  36  4:43  SCV  
  36  4:44  Marine, SCV  
  39  4:55  Missile Turret  
  39  4:56  SCV x2  
  39  4:59  Medivac  
  43  5:00  Marine x2  
  43  5:01  Marine  
  45  5:09  SCV  
  46  5:18  Marine  
  50  5:24  SCV  
Show
View Real Time Build Order
Export as new Build Order

Kelazhur Terran - Winner!

Build Orders: Gas First Reaper Expand, Liberator Opening, Reaper Expand 

Get SALT Encoding   

  12  0:00  SCV  
  13  0:12  SCV  
  14  0:17  Supply Depot  
  14  0:24  SCV  
  14  0:28  Refinery  
  15  0:39  SCV  
  16  0:43  Barracks  
  16  0:51  SCV  
  17  1:03  SCV  
  18  1:15  SCV  
  19  1:31  Orbital Command, Reaper  
  20  1:43  Command Center  
  20  1:55  Factory  
  20  1:58  SCV  
  21  2:04  Barracks Reactor  
  21  2:10  Supply Depot  
  21  2:12  SCV  
  22  2:20  Refinery  
  22  2:24  SCV  
  23  2:37  SCV  
  23  2:42  Starport  
  24  2:45  Hellion  
  24  2:46  Hellion  
  24  2:50  SCV  
  29  2:57  Orbital Command  
  29  3:01  Liberator  
  29  3:02  SCV  
  30  3:12  Hellion x2  
  37  3:21  SCV  
  37  3:24  SCV  
  39  3:30  Supply Depot  
  39  3:36  SCV x2  
  41  3:48  SCV, Cyclone, Liberator  
  45  3:52  Supply Depot  
  45  3:53  SCV  
  48  4:00  SCV  
  49  4:04  Hellion  
  49  4:05  SCV  
  52  4:12  SCV, Supply Depot  
  52  4:14  Supply Depot  
  51  4:17  SCV  
  52  4:27  SCV  
  52  4:30  Hellion x2  
  52  4:31  SCV  
  58  4:39  SCV  
  58  4:45  SCV  
  56  4:51  SCV  
  56  4:52  Cyclone x2  
  63  4:57  SCV  
  64  5:04  SCV  
  64  5:05  Command Center  
  65  5:07  Supply Depot  
  65  5:09  SCV, Refinery  
  65  5:10  Refinery  
  69  5:16  SCV  
  70  5:21  SCV  

Tags
 
Add a new tag
Caveats
  • Supply blocks, unpowered buildings, or Contaminate may cause inaccurate times.
  • Supply counts are checked every 10 seconds.